 Dungeon Crawl Stone Soup version 0.20.1-1-g8b1a95d (webtiles) character file.

91 JeffiDaFish the Skirmisher (level 4, -3/41 HPs)
             Began as a Minotaur Fighter on Dec 22, 2017.
             Killed by nerve-wracking pain
             ... invoked by Grinder
              (5 damage)
             ... on level 3 of the Dungeon.
             The game lasted 00:04:47 (1528 turns).

JeffiDaFish the Skirmisher (Minotaur Fighter)       Turns: 1528, Time: 00:04:47

Health: -3/41      AC:  9    Str: 21    XL:     4   Next: 34%
Magic:  3/3        EV:  8    Int: 11    God:
Gold:   136        SH:  0    Dex: 10    Spells: 3/3 levels left

rFire    . . .     SeeInvis .   a - +1 war axe
rCold    . . .     Gourm    .   (no shield)
rNeg     . . .     Faith    .   c - +0 chain mail
rPois    .         Spirit   .   (helmet restricted)
rElec    .         Reflect  .   (no cloak)
rCorr    +         Harm     .   (no gloves)
MR       .....                  (no boots)
Stlth    ..........             (no amulet)
Regen    0.2/turn               j - ring of resist corrosion
MPRegen  0.1/turn               k - +6 ring of intelligence

@: no status effects
A: retaliatory headbutt, horns 2
a: no special abilities


You were on level 3 of the Dungeon.
You were not hungry.

You visited 1 branch of the dungeon, and saw 3 of its levels.

You collected 136 gold pieces.

Inventory:

Hand Weapons
 a - a +1 war axe (weapon)
Armour
 b - a +0 scale mail
 c - a +0 chain mail (worn)
Jewellery
 j - a ring of resist corrosion (left hand)
 k - a +6 ring of intelligence (right hand)
Scrolls
 i - 2 scrolls of remove curse
 l - 3 scrolls of identify
Potions
 d - a potion of might
 e - a potion of curing
Comestibles
 f - 2 bread rations
 g - a chunk of flesh
 h - a royal jelly


   Skills:
 * Level 4.3 Fighting
 * Level 3.4 Axes
 * Level 4.3 Armour
 * Level 2.1 Dodging
   Level 3.6 Shields


You had 3 spell levels left.
You didn't know any spells.

Dungeon Overview and Level Annotations

Branches:
Dungeon (3/15)

Altars:
Cheibriados
Elyvilon

Annotations:
D:3 Grinder


Innate Abilities, Weirdness & Mutations

You reflexively headbutt those who attack you in melee.
You have a pair of horns on your head.


Message History

Grinder hits you but does no damage.
You are too injured to fight recklessly!
You are too injured to fight recklessly!
You are too injured to fight recklessly!
You closely miss Grinder. You headbutt Grinder.
Grinder is heavily wounded.
Grinder gestures at you. You resist with significant effort.
You slash Grinder! Your headbutt misses Grinder.
Grinder is almost dead.
Grinder hits you but does no damage.
You hit Grinder but do no damage.
Grinder is almost dead.
Grinder hits you but does no damage. Grinder hits you!
* * * LOW HITPOINT WARNING * * *
Your chain mail prevents you from hitting Grinder.
Grinder is almost dead.
Grinder gestures at you. Pain shoots through your body!
You die...

#. #<...#
#.###.##.#
##.....##.#
...........### #
.............#.#
######...).....#
#..(....###
#..(..(.#
#..@5...#
#..†...?...
#...#######
.....# #.#.#.#
#.#.#.# # .....
...#.#


You could see Grinder.

Vanquished Creatures
  3 adders (D:2)
  An ooze (D:2)
  A worm (D:2)
  A dart slug (D:2)
  2 leopard geckos
  An orc (D:2)
  8 bats
  4 giant cockroaches
  7 goblins
  2 hobgoblins
  2 jackals (D:1)
  2 quokkas (D:2)
  3 ball pythons
  2 frilled lizards
  6 kobolds
  6 rats
51 creatures vanquished.

Notes
Turn   | Place    | Note
-------+----------+-------------------------------------------
     0 | D:1      | JeffiDaFish the Minotaur Fighter began the quest for the Orb.
     0 | D:1      | Reached XP level 1. HP: 19/19 MP: 0/0
    38 | D:1      | Found a snail-covered altar of Cheibriados.
   112 | D:1      | Reached skill level 1 in Dodging
   113 | D:1      | Reached XP level 2. HP: 25/27 MP: 1/1
   700 | D:2      | Reached XP level 3. HP: 33/33 MP: 2/2
   860 | D:2      | Found a white marble altar of Elyvilon.
  1243 | D:2      | Reached XP level 4. HP: 25/40 MP: 3/3
  1516 | D:3      | Noticed Grinder
  1520 | D:3      | Paralysed by Grinder for 3 turns
  1527 | D:3      | HP: 2/41 [Grinder (8)]
  1528 | D:3      | Killed from afar by Grinder

Skill      XL: |  1  2  3 |
---------------+----------+-----
Dodging        | 1 2 |  2.1
Fighting       | 4 |  4.3
Axes           | 3 |  3.4
Armour         | 4 |  4.3
Shields        | |  3.6

Action                   |  1- 3 |  4- 6 || total
-------------------------+-------+-------++-------
Melee: War axe           |    98 |    23 ||   121
       Headbutt          |    18 |     3 ||    21
  Use: Potion            |     5 |       ||     5
       Scroll            |     4 |       ||     4
  Eat: Chunk             |     1 |     1 ||     2
Armor: Chain mail        |    76 |    21 ||    97
Dodge: Dodged            |    53 |    11 ||    64
